 Dungeon Crawl Stone Soup version 0.31-a0-164-g2312942fda (webtiles) character file.

Game seed: 66255990404792174

50 qw the Shooter (level 3, 0/21 HPs)
             Began as a Gargoyle Hunter on June 13, 2023.
             Slain by a worm (7 damage)
             ... on level 2 of the Dungeon.
             The game lasted 00:00:19 (688 turns).

qw the Shooter (Gargoyle Hunter)                     Turns: 688, Time: 00:00:19

Health: 0/21       AC:  6    Str: 14    XL:     3   Next: 79%
Magic:  3/3        EV: 11    Int:  9    God:
Gold:   25         SH:  0    Dex: 15    Spells: 2/2 levels left

rFire   . . .        Y - +0 shortbow
rCold   . . .        (shield currently unavailable)
rNeg    + . .        c - +0 leather armour
rPois   inf          (no helmet)
rElec   +            (no cloak)
rCorr   .            (no gloves)
SInv    .            (no boots)
Will    .....        (no amulet)
Stlth   ++           (no ring)
HPRegen 0.23/turn    (no ring)
MPRegen 0.08/turn

%: no passive effects
@: no status effects
A: sickness immunity, AC +3, negative energy resistance 1, electricity
resistance, torment resistance 1, petrification resistance
a: no special abilities


You were on level 2 of the Dungeon.
You visited 1 branch of the dungeon, and saw 2 of its levels.

You collected 25 gold pieces.


Innate Abilities, Weirdness & Mutations

You are immune to sickness and miasma.
Your stone body is resilient. (AC +3)
You are immune to poison.
You resist negative energy. (rN+)
You are resistant to electric shocks. (rElec)
You are resistant to unholy torment.
You are immune to petrification.


   Skills:
 + Level 2.2 Fighting
 - Level 5.3 Ranged Weapons
 - Level 1.5 Dodging
 - Level 1.1 Stealth


You had 2 spell levels left.
You didn't know any spells.
Your spell library was empty.

Inventory:

Hand Weapons
 Y - a +0 shortbow (weapon)
Armour
 c - a +0 leather armour (worn)
Scrolls
 a - a scroll of identify
Potions
 e - a potion of attraction {unknown}

Dungeon Overview and Level Annotations

Branches:
Dungeon (2/15)

Altars:


Message History

You shoot an arrow. The arrow hits the hobgoblin.
The hobgoblin is moderately wounded.
You shoot an arrow. The arrow hits the hobgoblin.
The hobgoblin is almost dead.
You shoot an arrow. The arrow hits the hobgoblin.
You kill the hobgoblin!
You have reached level 3!
Your experience leads to an increase in your attributes!
Increase (S)trength, (I)ntelligence, or (D)exterity?
You feel agile. x2
a - a scroll of identify You see here a hobgoblin corpse.
Natasha, Servant of Life and Death comes into view.
Found 7 gold pieces.
You shoot an arrow. The arrow hits Natasha!
Natasha is heavily wounded.
You shoot an arrow. The arrow hits Natasha!
You kill Natasha!
Suddenly Natasha's spirit rises from her lifeless body.
Your Ranged Weapons skill increases to level 5!
A quokka comes into view.
You shoot an arrow. The arrow hits the quokka.
The quokka is almost dead.
You shoot an arrow. The arrow hits the quokka.
You kill the quokka!
A worm comes into view.
You shoot an arrow.
The arrow hits the worm but does no damage.
You shoot an arrow.
The arrow hits the worm but does no damage.
The worm bites you!
You shoot an arrow. The arrow hits the worm!
The worm is moderately wounded.
You shoot an arrow. The arrow hits the worm!
The worm is severely wounded.
The worm bites you!
You shoot an arrow. The arrow hits the worm.
The worm is severely wounded.
The worm bites you!
You die...

...#. #.# ...
##...#+#'###
...
#...........
.?..
.##...........
.....
......>...%...
. ...##
#...........
... ...
##.....#####
.?$..#.#####
####.....#.
.....$.@...#
#.###.#.
.....#w###.#
###.##.... ###
#. #.#
##....#..## #.
#.# #....##...(
##
#.###..#.##...#
#........##...%
#######.......#
........##.####
#########....#


You could see a worm.

Vanquished Creatures
  Natasha (D:2)
  2 endoplasms (D:1)
  2 giant cockroaches (D:1)
  2 goblins (D:1)
  3 hobgoblins
  3 quokkas
  2 ball pythons (D:1)
  3 bats (D:1)
  3 frilled lizards (D:1)
  A kobold (D:1)
  3 rats (D:1)
25 creatures vanquished.

Notes
Turn   | Place    | Note
-------+----------+-------------------------------------------
     0 | D:1      | qw the Gargoyle Hunter began the quest for the Orb.
     0 | D:1      | Reached XP level 1. HP: 12/12 MP: 1/1
     0 | D:1      | 0 ||| qw: Version: 0.2-a-29-gc1b59c4
     0 | D:1      | 0 ||| qw: Game counter: 4506
     0 | D:1      | 0 ||| qw: Always use a shield: true
     0 | D:1      | 0 ||| qw: God list: Okawaru
     0 | D:1      | 0 ||| qw: Allow faded altars: false
     0 | D:1      | 0 ||| qw: Do Orc after D:15 true
     0 | D:1      | 0 ||| qw: Do second Lair branch before Depths: true
     0 | D:1      | 0 ||| qw: Lair rune preference: random
     0 | D:1      | 0 ||| qw: Plans: Normal, Zot:1-4, Slime:5, God:TSO, Crypt,
                  | Tomb, Abyss, Pan, Hells, Win
     0 | D:1      | 0 ||| PLANNING D:1-11
    92 | D:1      | Reached XP level 2. HP: 17/17 MP: 2/2
   233 | D:1      | Found a faded altar of an unknown god.
   551 | D:1      | 551 ||| READING scroll labelled QYSHRE BEABBEGE.
   552 | D:1      | 552 ||| READING scroll labelled FYUSHR FUOPE.
   553 | D:1      | 553 ||| DROPPING scroll of butterflies.
   654 | D:2      | Reached XP level 3. HP: 21/21 MP: 3/3
   675 | D:2      | Noticed Natasha
   677 | D:2      | Killed Natasha
   678 | D:2      | Reached skill level 5 in Ranged Weapons
   688 | D:2      | Slain by a worm

Levels and vault maps discovered:
D:1:      scummos_arrival_simple_crosswalls, layout_basic,
          shapermc_ecumenical_altar_rom_forum, chequers_mini_garden,
          hangedman_decor_lopped, minmay_misc_feat_x
D:2:      layout_basic, basic_altar, uniq_natasha, uniq_crazy_yiuf_cottage

Skill      XL: |  1  2  3 |
---------------+----------+-----
Ranged Weapons | 5 |  5.3
Fighting       | |  2.2
Dodging        | |  1.5
Stealth        | |  1.1

Action                     || total
---------------------------++-------
   Fire: Shortbow          ||    79
    Use: Scroll            ||     2
 Armour: Leather armour    ||     8
  Dodge: Dodged            ||    19

Table legend:
 A = Non-vault XP
 B = Vault XP
 C = Vault XP percentage of total XP
 D = Non-vault monster count
 E = Vault monster count
 F = Vault count percentage of total count
                 A         B        C        D         E       F
            +---------+---------+-------+---------+---------+-------
      Total |      37 |      35 |  48.6 |      24 |       1 |   4.0
            +---------+---------+-------+---------+---------+-------
        D:1 |      31 |       0 |   0.0 |      21 |       0 |   0.0
        D:2 |       6 |      35 |  85.4 |       3 |       1 |  25.0
            +---------+---------+-------+---------+---------+-------
